 Dungeon Crawl Stone Soup version 0.22-a0-525-gf69a080 (webtiles) character file.

257 pk666 the Magician (level 5, -2/28 HPs)
             Began as a Deep Elf Fire Elementalist on June 21, 2018.
             Slain by a worker ant (4 damage)
             ... on level 5 of the Dungeon.
             The game lasted 00:03:55 (3394 turns).

pk666 the Magician (Deep Elf Fire Elementalist)     Turns: 3394, Time: 00:03:56

Health: -2/28      AC:  2    Str:  5    XL:     5   Next: 93%
Magic:  8/14       EV: 13    Int: 21    God:
Gold:   136        SH:  0    Dex: 15    Spells: 5/13 levels left

rFire    . . .     SeeInvis .   (no weapon)
rCold    . . .     Gourm    .   (no shield)
rNeg     . . .     Faith    .   a - +0 robe
rPois    .         Spirit   .   (no helmet)
rElec    .         Reflect  .   (no cloak)
rCorr    .         Harm     .   (no gloves)
MR       .....                  (no boots)
Stlth    ++........             (no amulet)
HPRegen  0.09/turn              (no ring)
MPRegen  0.14/turn              (no ring)

@: lethally poisoned (-2 -> -8)
A: no striking features
a: no special abilities


You were on level 5 of the Dungeon.
You were not hungry.

You visited 1 branch of the dungeon, and saw 5 of its levels.

You collected 136 gold pieces.

Inventory:

Armour
 a - a +0 robe (worn)
Wands
 h - a wand of disintegration (13)
Scrolls
 b - a scroll of amnesia {unknown}
 d - 2 scrolls of teleportation {unknown}
 i - 4 scrolls of magic mapping {unknown}
 l - 2 scrolls of identify {unknown}
Potions
 e - a potion of brilliance {unknown}
 f - a potion of haste {unknown}
 g - 3 potions of heal wounds {unknown}
 j - 2 potions of lignification {unknown}
Comestibles
 c - 5 rations


   Skills:
 - Level 2.4 Dodging
 - Level 2.4 Stealth
 + Level 4.8 Spellcasting
 * Level 4.6 Conjurations
 + Level 4.6 Fire Magic


You had 5 spell levels left.
You knew the following spells:

 Your Spells              Type           Power        Failure   Level  Hunger
a - Flame Tongue          Conj/Fire      ###..        1%          1    None
b - Sticky Flame          Conj/Fire      ###.....     16%         4    ####...
c - Conjure Flame         Conj/Fire      ###.....     4%          3    ##.....

Your spell library contained the following spells:

 Spells                   Type           Power        Failure   Level  Hunger
 Fireball                 Conj/Fire      ###.......   41%         5    #####..
 Throw Flame              Conj/Fire      ###...       2%          2    None
 Inner Flame              Hex/Fire       ##......     13%         3    ##.....


Dungeon Overview and Level Annotations

Branches:
Dungeon (5/15)
 Temple: D:4-7

Altars:


Message History

You feel sick. The worker ant misses you. The worker ant bites you.
* * * LOW HITPOINT WARNING * * *
Casting: Flame Tongue (safe; 1% risk of failure)
Confirm with . or Enter, or press ? or * to list all spells.
Aiming: Flame Tongue (safe; 1% risk of failure)
Press: ? - help, Shift-Dir - straight line, f - worker ant
Aim: a worker ant (severely wounded)
The flame tongue hits the worker ant.
The worker ant is almost dead.
The worker ant barely misses you.
Casting: Flame Tongue (safe; 1% risk of failure)
Confirm with . or Enter, or press ? or * to list all spells.
Aiming: Flame Tongue (safe; 1% risk of failure)
Press: ? - help, Shift-Dir - straight line, f/p - worker ant
Aim: a worker ant (severely wounded)
The flame tongue hits the worker ant.
The worker ant appears unharmed.
The worker ant is severely wounded.
* * * LOW HITPOINT WARNING * * *
You feel sick. The worker ant bites you.
You die...

.. .# ..#
.# #.. ..
#.. .# #..
.# #.. .#
#..#.######
#($@......#
#.#.a####.#
# #..# #.>.
#####


You could see a worker ant.

Vanquished Creatures
  A howler monkey (D:5)
  An orc priest (D:3)
  A hound (D:4)
  A worker ant (D:2)
  5 adders
  An ooze (D:2)
  7 worms
  A dart slug (D:1)
  2 leopard geckos
  3 orcs (D:3)
  3 giant cockroaches
  5 goblins
  5 hobgoblins
  2 jackals (D:4)
  10 kobolds
  A quokka (D:3)
  4 bats
  4 frilled lizards
  6 rats
63 creatures vanquished.

Notes
Turn   | Place    | Note
-------+----------+-------------------------------------------
     0 | D:1      | pk666 the Deep Elf Fire Elementalist began the quest for the Orb.
     0 | D:1      | Reached XP level 1. HP: 10/10 MP: 6/6
   169 | D:1      | Reached XP level 2. HP: 12/15 MP: 0/8
   844 | D:2      | Reached XP level 3. HP: 17/19 MP: 7/10
  1348 | D:2      | Reached XP level 4. HP: 7/24 MP: 1/11
  1616 | D:2      | Learned a level 4 spell: Sticky Flame
  1620 | D:2      | Learned a level 3 spell: Conjure Flame
  2514 | D:3      | Reached XP level 5. HP: 28/28 MP: 9/13
  3389 | D:5      | Entered Level 5 of the Dungeon
  3394 | D:5      | Slain by a worker ant

Vault maps used:
D:1:      scummos_arrival_simple_crosswalls, minmay_ruptured
D:2:      cheibrodos_helix_gallery, minmay_misc_feat_room
D:3:      first_ration
D:4:      uniq_blork_the_orc, uniq_menkaure
D:5:      basic_altar, cheibrodos_sewer_entry_sluice, uniq_sigmund

Skill      XL: |  1  2  3  4  5 |
---------------+----------------+-----
Conjurations   | 2 3 4 |  4.6
Fire Magic     | 4 |  4.6
Spellcasting   | 4 |  4.8
Dodging        | |  2.4
Stealth        | |  2.4

Action                   |  1- 3 |  4- 6 || total
-------------------------+-------+-------++-------
 Cast: Flame Tongue      |    52 |    72 ||   124
  Eat: Chunk             |     1 |     6 ||     7
Armor: Robe              |     1 |     1 ||     2
Dodge: Dodged            |     7 |    21 ||    28

Table legend:
 A = Spawn XP
 B = Non-spawn XP
 C = Spawn XP percentage of total XP
 D = Spawn monster count
 E = Non-spawn monster count
 F = Spawn count percentage of total count
 G = Total turns spent on level
                    A         B        C        D         E        F      G
               +---------+---------+-------+---------+---------+-------+---------
         Total |       0 |     368 |   0.0 |       0 |      63 |   0.0 |  3394
               +---------+---------+-------+---------+---------+-------+---------
           D:1 |       0 |      33 |   0.0 |       0 |      18 |   0.0 |   823
           D:2 |       0 |      98 |   0.0 |       0 |      15 |   0.0 |  1112
           D:3 |       0 |     119 |   0.0 |       0 |      25 |   0.0 |  1267
           D:4 |       0 |      60 |   0.0 |       0 |       4 |   0.0 |   187
           D:5 |       0 |      58 |   0.0 |       0 |       1 |   0.0 |     5
               +---------+---------+-------+---------+---------+-------+---------
